 Dungeon Crawl Stone Soup version 0.27-a0-965-gbf8bb431c4 (webtiles) character file.

Game seed: 15323868807888239212

222 polve the Cutter (level 5, -1/41 HPs)
             Began as a Demonspawn Abyssal Knight on Apr 12, 2021.
             Was a Believer of Lugonu.
             Slain by Sigmund
             ... wielding a +0 scythe
              (6 damage)
             ... on level 4 of the Dungeon.
             The game lasted 00:03:46 (4438 turns).

polve the Cutter (Demonspawn Abyssal Knight)        Turns: 4438, Time: 00:03:46

Health: -1/41      AC: 16    Str: 13    XL:     5   Next: 66%
Magic:  2/2        EV:  3    Int: 14    God:    Lugonu [**....]
Gold:   216        SH:  0    Dex: 10    Spells: 4/4 levels left

rFire    + . .     SeeInvis .   m - +7 scythe of Tenacity {antimagic, rPois rC++ Will+++ Dex-2 Stlth+}
rCold    + + .     Faith    .   (shield currently unavailable)
rNeg     . . .     Spirit   .   q - +0 plate armour
rPois    +         Reflect  .   (helmet restricted)
rElec    .         Harm     .   (no cloak)
rCorr    .         Rampage  .   (no gloves)
Will     +++..                  (no boots)
Stlth    ..........             (no amulet)
HPRegen  0.13/turn              p - ring of protection from fire
MPRegen  0.08/turn              (no ring)

@: sanguine armoured
A: horns 1, demonic guardian 1, sanguine armour 1
a: Renounce Religion, Depart the Abyss, Bend Space


You were on level 4 of the Dungeon.
You worshipped Lugonu.
Lugonu was pleased with you.
You visited 1 branch of the dungeon, and saw 4 of its levels.
You visited the Abyss 1 time.

You collected 216 gold pieces.

Inventory:

Hand Weapons
 a - a +1 short sword
 m - the +7 scythe of Tenacity (weapon) {antimagic, rPois rC++ Will+++ Dex-2 Stlth+}
   (You found it on level 4 of the Dungeon)

   It reduces the magical energy of the wielder, and disrupts the spells and
   magical abilities of those hit.
   Natural abilities and divine invocations are not affected.
   It affects your dexterity (-2).
   It greatly protects you from cold.
   It protects you from poison.
   It greatly increases your willpower.
   It makes you more stealthy.
Armour
 q - a +0 plate armour (worn)
Jewellery
 p - a ring of protection from fire (left hand)
Scrolls
 b - a scroll of brand weapon {unknown}
 e - a scroll of fear {unknown}
 g - a scroll of identify {unknown}
 i - a scroll of silence {unknown}
 j - 2 scrolls of amnesia {unknown}
 l - a scroll of noise {unknown}
 n - a scroll of holy word {unknown}
 o - a scroll of immolation {unknown}
Potions
 c - 2 potions of brilliance {unknown}
 d - 5 potions of curing {unknown}
 f - a potion of lignification {unknown}
 h - 2 potions of mutation {unknown}
 k - 2 potions of heal wounds {unknown}


   Skills:
 - Level 3.0 Fighting
 + Level 5.5 Short Blades
 - Level 1.7 Armour
 - Level 0.8 Dodging
 - Level 2.4 Invocations


You had 4 spell levels left.
You didn't know any spells.
Your spell library contained the following spells:

 Spells                   Type           Power      Damage    Failure   Level
 Magic Dart               Conj           0%         1d3       100%        1
 Blink                    Tloc           N/A        N/A       100%        2
 Call Imp                 Summ           0%         N/A       100%        2
 Searing Ray              Conj           0%         3d3       100%        2
 Slow                     Hex            0%         N/A       100%        2
 Confusing Touch          Hex            0%         N/A       100%        3
 Conjure Flame            Conj/Fire      0%         6-21      100%        3
 Dazzling Flash           Conj/Hex       0%         N/A       100%        3
 Gell's Gravitas          Tloc           0%         N/A       100%        3
 Mephitic Cloud           Conj/Pois/Air  0%         N/A       100%        3
 Fulminant Prism          Conj/Hex       0%         3d6       100%        4
 Iskenderun's Mystic Bla  Conj/Tloc      0%         2d3       100%        4
 Petrify                  Tmut/Erth      0%         N/A       100%        4
 Metabolic Englaciation   Hex/Ice        0%         N/A       100%        5
 Yara's Violent Unravell  Hex/Tmut       0%         3d3       100%        5


Dungeon Overview and Level Annotations

Branches:
Dungeon (4/15)
 Temple: D:4-7

Altars:

Shops:
D:2 =

Annotations:
D:4 Sigmund


Innate Abilities, Weirdness & Mutations

You have a pair of small horns on your head.
A weak demonic guardian rushes to your aid.
When seriously injured, your bleeding wounds create armour. (AC +6)


Message History

Sigmund shouts!
You see here the +7 scythe of Tenacity {antimagic, rPois rC++ Will+++ Dex-2 Stlth+}.
You feel clumsy.
You feel magic leave you.
m - the +7 scythe of Tenacity (weapon)
{antimagic, rPois rC++ Will+++ Dex-2 Stlth+} Reach: m) +7 scythe of Tenacity {antimagic, rPois rC++ Will+++ Dex-2 Stlth+}
Press: ? - help, Dir - move target, f - Sigmund
Aim: Sigmund, wielding a +0 scythe and wearing a +0 robe (about 53% to evade the +7 scythe of Tenacity)
You reach to attack!
Your plate armour prevents you from hitting Sigmund.
Sigmund gestures at himself while chanting.
Sigmund flickers and vanishes!
Deactivating autopickup; reactivate with Ctrl-A.
Something hits you but does no damage.
Reach: m) +7 scythe of Tenacity {antimagic, rPois rC++ Will+++ Dex-2 Stlth+}
Press: ? - help, Dir - move target, f - you That would be overly suicidal.
Okay, then.
You hear some strange, mumbled words.
A puff of flame appears from out of thin air!
The puff of flame hits you. You resist.
Your plate armour prevents you from hitting something.
You headbutt something. Something completely misses you.
Something hits you but does no damage.
You closely miss something. Something hits you. x2
You barely miss something. Something hits you. Something hits you!
Your blood congeals into armour.
You barely miss something.
Something hits you but does no damage. x2
You barely miss something. Something hits you but does no damage.
Something completely misses you.
You slash something!
Something hits you but does no damage. x2
You barely miss something.
Something hits you but does no damage. x2
You closely miss something. Something hits you! Something hits you.
You miss something. Something hits you!
* * * LOW HITPOINT WARNING * * *
A demonic guardian appears!
Something hits you but does no damage.
Your plate armour prevents you from hitting something.
Something hits you but does no damage. x2
You slash something! Something hits you but does no damage. Something hits you.
You die...

### #.#...# # ##.##
##.#...# #.##...##
#..#...# #
#.#.....###......# .#.
#................#..#.#
###.....###..#......#.#
##...## #..#..##..#.#
##.## #..#.5.# #.###
#.# #..#.@## #...# #.#
#..#{## #...### #.#
#..#.. #.....# ######.#
#..#.. ####...#.#
#......#
#..#..#PP.....#.#
#.######
##.####PP...###.# #<#
#..........# #.# #.#
###.###.##.# #.# #.#
#.# #..#.# #.#


You could see a friendly quasit (summoned).

Vanquished Creatures
  2 hounds (D:4)
  4 adders
  5 orcs
  3 bats
  2 endoplasms (D:3)
  A giant cockroach (D:3)
  2 goblins
  5 hobgoblins
  A jackal (D:2)
  6 quokkas
  7 ball pythons
  2 frilled lizards (D:3)
  6 kobolds
  5 rats
51 creatures vanquished.

Vanquished Creatures (collateral kills)
  A water moccasin skeleton (D:4)
  A hound (D:2)
  A worm (D:2)
  An endoplasm (D:2)
  A hobgoblin (D:2)
  3 jackals (D:2)
8 creatures vanquished.

Grand Total: 59 creatures vanquished

Notes
Turn   | Place    | Note
-------+----------+-------------------------------------------
     0 | Abyss:1  | polve the Demonspawn Abyssal Knight began the quest for the
                  | Orb.
     0 | Abyss:1  | Reached XP level 1. HP: 18/18 MP: 2/2
    46 | Abyss:1  | Noticed a neqoxec
    47 | D:1      | Escaped the Abyss
   292 | D:1      | Reached skill level 2 in Short Blades
   777 | D:1      | Gained mutation: A weak demonic guardian rushes to your
                  | aid. [demonic ancestry]
   777 | D:1      | Reached XP level 2. HP: 23/24 MP: 3/3
  1290 | D:2      | Reached * piety under Lugonu
  1407 | D:2      | Reached skill level 3 in Short Blades
  1446 | D:2      | Gained mutation: You have a pair of small horns on your
                  | head. [demonic ancestry]
  1446 | D:2      | Reached XP level 3. HP: 3/29 MP: 4/4
  2075 | D:2      | Reached skill level 4 in Short Blades
  2075 | D:2      | Gained mutation: When seriously injured, your bleeding
                  | wounds create armour. (AC +6) [demonic ancestry]
  2075 | D:2      | Reached XP level 4. HP: 28/35 MP: 5/5
  2315 | D:2      | Found Bubb's Jewellery Shop.
  3344 | D:3      | Reached ** piety under Lugonu
  3864 | D:4      | Reached XP level 5. HP: 34/41 MP: 6/6
  4018 | D:4      | Reached skill level 5 in Short Blades
  4422 | D:4      | Noticed Sigmund
  4424 | D:4      | Identified the +7 scythe of Tenacity {antimagic, rPois rC++
                  | Will+++ Dex-2 Stlth+}
  4438 | D:4      | Slain by Sigmund

Illustrated notes

Levels and vault maps discovered:
D:1:      minmay_arrival_checkered_box, layout_rooms, serial_forest,
          infiniplex_forest_lined_room_, infiniplex_forest_straight_1,
          infiniplex_forest_straight_5, infiniplex_forest_zigzag_1,
          infiniplex_forest_end_2, grunt_decor_mini_mirrors,
          minmay_misc_feat_secret_circle, serial_bayou_pond_a
D:2:      layout_loops_ring, serial_shops, nicolae_shop_crystal
D:3:      layout_basic, lemuel_old_faithful
D:4:      layout_loops_ring, sigmund_edmund_badplayer

Skill      XL: |  1  2  3  4  5 |
---------------+----------------+-----
Short Blades   | 2 3 4 5 |  5.5
Fighting       | |  3.0
Armour         | |  1.7
Dodging        | |  0.8
Invocations    | |  2.4

Action                   |  1- 3 |  4- 6 || total
-------------------------+-------+-------++-------
Melee: Short sword       |    92 |   127 ||   219
       Headbutt          |     4 |    18 ||    22
       Scythe            |       |    12 ||    12
Invok: Depart the Abyss  |     1 |       ||     1
 Stab: Distracted        |     1 |       ||     1
Armor: Leather armour    |    19 |       ||    19
       Ring mail         |     9 |    35 ||    44
       Plate armour      |       |    46 ||    46
Dodge: Dodged            |    44 |    55 ||    99

Table legend: (Time is in decaauts)
 A = Elapsed time spent in this place.
 B = Non-inter-level travel time spent in this place.
 C = Inter-level travel time spent in this place.
 D = Time resting spent in this place.
 E = Time spent auto-exploring this place.
 F = Levels seen in this place.
 G = Mean time per level.
                   A        B        C        D        E       F      G
               +--------+--------+--------+--------+--------+-----+--------+
         Total |   4423 |   4263 |    160 |      0 |   3749 |   5 |  884.6 |
       Dungeon |   4376 |   4216 |    160 |      0 |   3704 |   4 | 1094.0 |
         Abyss |     47 |     47 |      0 |      0 |     45 |   1 |   47.0 |
               +--------+--------+--------+--------+--------+-----+--------+

Top non-repeatable levels by time:
     D:2: 1311 daAuts
     D:3: 1302 daAuts
     D:1: 1177 daAuts
     D:4: 584 daAuts
 Abyss:1: 47 daAuts
